 Dungeon Crawl Stone Soup version 0.18-a0-1577-gf591c28 (webtiles) character file.

1402 M4edhros the Covert (level 8, -1/52 HPs)
             Began as an Octopode Artificer on Mar 24, 2016.
             Succumbed to a hornet's poison
             ... while paralysed by a hornet
             ... on level 6 of the Dungeon.
             The game lasted 00:17:05 (15126 turns).

M4edhros the Covert (Octopode Artificer)           Turns: 15126, Time: 00:17:06

Health: -1/52      AC:  3    Str: 12    XL:     8   Next: 69%
Magic:  9/9        EV:  2    Int: 14    God:    Xom [......]
Gold:   163        SH:  0    Dex: 17    Spells: 0 memorised, 7 levels left

rFire  + + .     SeeInvis .     e - +0 dagger (venom)
rCold  + . .     Gourm    .     l - +2 shield
rNeg   + . .     Faith    .     (helmet restricted)
rPois  .         Spirit   .     (no amulet)
rElec  +         Dismiss  .     o - ring of positive energy
rCorr  .         Reflect  .     (no ring)
SustAt .         Harm     .     (no ring)
MR     +....                    (no ring)
Stlth  ++++++....               (no ring)
                                (no ring)
                                (no ring)
                                (no ring)

@: paralysed, lethally poisoned (-1 -> -24), about to teleport, drained,
somewhat resistant to hostile enchantments, very stealthy
A: almost no armour, amphibious, 8 rings, constrict 8, beak, tentacle spike 2,
thin metallic scales 1, camouflage 1, agile 1, cold resistance 1, fire
resistance 2, low mp 1, magic resistance 1, robust 1, screaming 1, electricity
resistance, strong 1, gelatinous body 1, evolution 1
a: Renounce Religion


You were on level 6 of the Dungeon.
You worshipped Xom.
You were a very special plaything of Xom.
You were very hungry.

You visited 2 branches of the dungeon, and saw 7 of its levels.

You collected 253 gold pieces.
You spent 90 gold pieces at shops.

Inventory:

Hand Weapons
 e - a +0 dagger of venom (weapon)
 m - the +6 longbow of Watchfulness {freeze, +Blink}
   (Xom gifted it to you in the Ecumenical Temple)

   It causes projectiles fired from it to freeze those they strike, causing
   extra injury to most foes and up to half again as much damage against
   particularly susceptible opponents.
   They can also slow down cold-blooded creatures.
   It lets you blink.
 p - a +0 hunting sling
 u - a +1 vampiric short sword
 z - a +0 dagger
 D - a +0 hunting sling
Missiles
 h - 198 stones (quivered)
 k - 18 poisoned sling bullets
 x - 38 sling bullets
 E - 19 arrows
Armour
 l - a +2 shield (worn)
Jewellery
 o - a ring of positive energy (left tentacle)
 C - an uncursed amulet of harm
Wands
 b - a wand of flame (11/48)
 c - a wand of enslavement (0/24)
 d - a wand of random effects (14/48)
 n - a wand of teleportation (1/9)
Scrolls
 q - a scroll of enchant armour
 v - a scroll of teleportation {unknown}
 w - a scroll of identify
 y - a scroll of brand weapon {unknown}
 A - a scroll of summoning {unknown}
 B - a scroll of recharging {unknown}
Potions
 a - 3 potions of berserk rage {unknown}
 i - a potion of ambrosia {unknown}
 j - 2 potions of curing
 r - 2 potions of might {unknown}
 s - 2 potions of degeneration {unknown}
 t - a potion of magic {unknown}
Comestibles
 f - 4 bread rations
 g - 4 meat rations


   Skills:
 - Level 1.0(0.8) Fighting
 - Level 1.0(0.8) Short Blades
 + Level 5.7(5.5) Dodging
 * Level 10.5(10.3) Stealth
 + Level 4.6(4.5) Shields
 - Level 3.2(3.1) Evocations


You had 7 spell levels left.
You didn't know any spells.

Dungeon Overview and Level Annotations

Branches:
Dungeon (6/15)             Temple (1/1) D:6

Altars:
Ashenzari
Cheibriados
Dithmenos
Elyvilon
Fedhas
Gozag
Makhleb
Nemelex Xobeh
Okawaru
Pakellas
Qazlal
Ru
Sif Muna
Trog
Vehumet
Xom
Yredelemnul
Zin
The Shining One

Shops:
D:4 ?

Annotations:
D:4 simok's ghost, amateur HEWz
D:6 Pikel


Innate Abilities, Weirdness & Mutations

You cannot wear most types of armour.
You are amphibious.
You can wear up to eight rings at the same time.
You can use your tentacles to constrict eight enemies at once.
Your skin changes colour to match your surroundings (Stealth).
Your rubbery body absorbs attacks (AC +1).
You have a beak for a mouth.
One of your tentacles bears a nasty spike.
You are partially covered in thin metallic scales (AC +2).
You are agile. (Dex +2)
Your flesh is cold resistant.
Your flesh is very heat resistant.
Your magical capacity is low (-10% MP).
You are resistant to hostile enchantments.
You are robust (+10% HP).
You occasionally shout uncontrollably at your foes.
You are resistant to electric shocks.
Your muscles are strong. (Str +2)
You evolve.


Message History

Evoke which item? (* to show all) (? for menu, Esc to quit)
This wand has no charges.
Evoke which item? (* to show all) (? for menu, Esc to quit)
Zapping:
n - a wand of teleportation (2/9)
Press: ? - help, Shift-Dir - straight line, f - you You feel strangely unstable.
This wand has 1 charge left.
The hornet stings you!!
* * * LOW HITPOINT WARNING * * *
You are lethally poisoned!
You suddenly lose the ability to move!
The hornet stings you.
* * * LOW HITPOINT WARNING * * *
You are more poisoned.
You feel yourself slow down.
* * * LOW HITPOINT WARNING * * *
You feel very sick.
Xom's power touches on your mind for a moment.
The jelly looks rather confused.
The hornet looks rather confused.
You feel yourself speed up.
You die...
Xom is highly amused!

#.###.###.###..
##..............
#...J..(...)...#
###..#.#.###)#.#..
#....#.#.#...#.#..
#J##.###.###.###..
#.##..............
#y##..............
#@##.###.###.###..
#.##...#...#.#.#..
#.##.###.###.#.#.#
#.##.............#
#...<..#####.#####
######.# #......
#.# ####### #.# #.
#.###### #.


You could see a hornet (confused) and a jelly (confused).

Vanquished Creatures
  A water moccasin (D:6)
  A slave (D:6)
  A sky beast (D:6)
  2 ogres
  2 centaurs
  A giant frog (D:6)
  A crimson imp (D:5)
  2 orc priests
  A giant frog skeleton (D:6)
  2 orc wizards (D:4)
  7 worker ants
  7 gnolls
  3 adders
  2 oozes
  2 dart slugs
  5 worms
  2 giant geckos
  15 orcs
  5 bats
  7 giant cockroaches
  5 goblins
  13 hobgoblins
  16 jackals
  10 kobolds
  5 quokkas
  2 ball pythons (D:1)
  A giant cockroach zombie (D:5)
  4 giant newts (D:1)
  10 rats
135 creatures vanquished.

Vanquished Creatures (collateral kills)
  Sigmund (D:6)
  A giant frog (D:6)
  2 orc wizards
  2 gnolls (D:5)
  A jackal (D:1)
  A giant newt (D:1)
  A rat (D:1)
9 creatures vanquished.

Vanquished Creatures (others)
  A gnoll shaman (D:5)
  A jackal (D:1)
  A giant newt (D:1)
3 creatures vanquished.

Grand Total: 147 creatures vanquished

Notes
Turn   | Place    | Note
--------------------------------------------------------------
     0 | D:1      | M4edhros the Octopode Artificer began the quest for the Orb.
     0 | D:1      | Reached XP level 1. HP: 13/13 MP: 3/3
    61 | D:1      | Reached skill level 2 in Stealth
    78 | D:1      | Reached XP level 2. HP: 8/18 MP: 4/4
   354 | D:1      | Reached skill level 3 in Stealth
   384 | D:1      | Reached XP level 3. HP: 5/23 MP: 5/5
  1117 | D:1      | Reached skill level 4 in Stealth
  1593 | D:2      | Reached XP level 4. HP: 23/28 MP: 6/6
  1870 | D:2      | Found an oddly glowing altar of Pakellas.
  2034 | D:3      | Found an oddly glowing altar of Pakellas.
  2073 | D:3      | Reached skill level 1 in Shields
  2335 | D:3      | Reached skill level 5 in Stealth
  2335 | D:3      | Reached XP level 5. HP: 17/33 MP: 7/7
  2588 | D:3      | Found a faded altar to an unknown god.
  3009 | D:2      | Found a stormy altar of Qazlal.
  3011 | D:2      | Found an opulent altar of Gozag.
  3301 | D:2      | Found a snail-covered altar of Cheibriados.
  3302 | D:2      | Found a basalt altar of Yredelemnul.
  3458 | D:4      | Found Pattu's Magic Scroll Boutique.
  3466 | D:4      | Bought a scroll of enchant armour for 90 gold pieces
  3503 | D:4      | Noticed an ogre
  3513 | D:4      | Killed an ogre
  3513 | D:4      | Reached skill level 6 in Stealth
  3513 | D:4      | Reached XP level 6. HP: 27/38 MP: 8/8
  3582 | D:4      | Noticed simok's ghost (amateur HEWz)
  3723 | D:4      | Noticed a phantom
  3729 | D:4      | Reached skill level 7 in Stealth
  4040 | D:4      | Found a white marble altar of Elyvilon.
  4295 | D:5      | Entered Level 5 of the Dungeon
  4358 | D:5      | Reached XP level 7. HP: 29/43 MP: 9/9
  4532 | D:5      | Reached skill level 8 in Stealth
  5768 | D:6      | Found a staircase to the Ecumenical Temple.
  5783 | D:6      | Noticed Sigmund
  5799 | Temple   | Entered the Ecumenical Temple
  6040 | Temple   | Became a worshipper of Xom of Chaos
  6546 | Temple   | XOM is BORED!
  6546 | Temple   | XOM: medium Pois miscast
  6935 | Temple   | XOM: silly message
  6962 | Temple   | XOM: god gift: dagger {god gift}
  7167 | Temple   | XOM: god gift: potion of curing
  7280 | Temple   | XOM: scenery: 1 doors close
  7665 | D:6      | Killed Sigmund
  7665 | D:6      | Reached skill level 5 in Dodging
  7665 | D:6      | Reached skill level 9 in Stealth
  7665 | D:6      | Reached XP level 8. HP: 37/48 MP: 10/10
  7704 | D:6      | XOM: summons friendly shadow imp
  7748 | D:6      | Gained mutation: One of your tentacles bears a spike. [mutagenic meat]
  7749 | D:6      | Gained mutation: You occasionally shout uncontrollably at your foes. [mutagenic meat]
  7750 | D:6      | Gained mutation: You are resistant to hostile enchantments. [mutagenic meat]
  7751 | D:6      | Gained mutation: Your magical capacity is low (-10% MP). [mutagenic meat]
  7925 | D:6      | Noticed Pikel
  8033 | D:6      | Found an iron altar of Okawaru.
  8295 | D:6      | XOM: silly message
  8327 | D:6      | Reached skill level 10 in Stealth
  8501 | D:6      | XOM: noise
  8591 | D:6      | XOM: silly message
  8598 | D:6      | XOM: cast spell 'Olgreb's Toxic Radiance'
  8606 | D:6      | XOM: cast spell 'Confusing Touch'
  8607 | D:6      | XOM: confuse monster(s)
  8609 | D:6      | XOM: cast spell 'Spider Form'
  8635 | D:6      | XOM: potion effect (berserk rage)
  8637 | D:6      | XOM: potion effect (agility)
  8649 | D:6      | XOM: divination: detect creatures
  8928 | D:6      | XOM: potion effect (invisibility)
  8930 | D:6      | XOM: noise
  8932 | D:6      | XOM: mild Fire miscast
  9264 | D:6      | XOM: smoke on damage
  9306 | D:6      | XOM: smoke on damage
  9312 | D:6      | XOM: harmless Conj miscast
  9412 | D:6      | XOM: potion effect (haste)
  9424 | D:6      | XOM: harmless Air miscast
  9472 | D:6      | XOM: potion effect (berserk rage)
  9474 | D:6      | XOM: chaos upgrade
  9534 | Temple   | XOM: give mutations
  9534 | Temple   | Gained mutation: You are resistant to electric shocks. [Xom's grace]
  9534 | Temple   | Gained mutation: You are robust (+10% HP). [Xom's grace]
  9534 | Temple   | Gained mutation: You are partially covered in thin metallic scales (AC +2). [Xom's grace]
  9534 | Temple   | Gained mutation: One of your tentacles bears a nasty spike. [Xom's grace]
  9953 | Temple   | XOM: god gift: 16 stones
 10373 | Temple   | XOM is BORED!
 10373 | Temple   | XOM: medium Summ miscast
 10510 | D:6      | XOM: give mutations
 10510 | D:6      | Gained mutation: Your flesh is heat resistant. [Xom's grace]
 10510 | D:6      | Gained mutation: Your flesh is cold resistant. [Xom's grace]
 10648 | Temple   | XOM: god gift: faintly glowing longbow {god gift}
 10649 | Temple   | Got a faintly glowing longbow {god gift}
 10666 | Temple   | Identified the +6 longbow of Watchfulness {freeze, +Blink} (Xom gifted it to you in the Ecumenical Temple)
 10699 | Temple   | XOM: medium Tloc miscast
 10799 | Temple   | XOM: mild Pois miscast
 10853 | Temple   | XOM: vitrification
 11009 | Temple   | XOM: give mutations
 11009 | Temple   | Gained mutation: Your muscles are strong. (Str +2) [Xom's grace]
 11009 | Temple   | Gained mutation: You have a beak for a mouth. [Xom's grace]
 11009 | Temple   | Gained mutation: You evolve. [Xom's grace]
 12065 | Temple   | XOM: mild Summ miscast
 12535 | Temple   | Gained mutation: You are agile. (Dex +2) [evolution]
 12868 | Temple   | XOM: god gift: hunting sling {god gift}
 12935 | D:6      | XOM: noise
 12985 | D:6      | XOM: vitrification
 13543 | Temple   | XOM is BORED!
 13543 | Temple   | XOM: mild Pois miscast
 13904 | Temple   | XOM: harmless Trmt miscast
 13971 | Temple   | XOM: scenery: 1 doors open
 14101 | Temple   | XOM: harmless Necr miscast
 14631 | Temple   | XOM: give mutation
 14631 | Temple   | Gained mutation: Your flesh is very heat resistant. [Xom's grace]
 14792 | Temple   | XOM: scenery: 1 doors close
 14943 | Temple   | XOM: vitrification
 15098 | D:6      | XOM: confusion (+ monsters)
 15099 | D:6      | XOM: polymorph ogre -> hippogriff
 15100 | D:6      | XOM: mild Necr miscast
 15120 | D:6      | XOM: give mutation
 15120 | D:6      | Noticed a hornet
 15120 | D:6      | a hippogriff changed into a hornet
 15120 | D:6      | XOM: polymorph hippogriff -> hornet
 15124 | D:6      | Paralysed by a hornet for 3 turns
 15125 | D:6      | HP: 1/52 [poisoned by a hornet]
 15125 | D:6      | XOM: confuse monster(s)
 15126 | D:6      | Succumbed to a hornet's poison

Vault maps used:
D:1:      tarquinn_simple_flora_water_a, minivault_24, minmay_cupped
D:2:      nicolae_overflow_hidden_temple, kennysheep_minor_cross
D:3:      ecumenical_altar_1, grunt_pakellas_mercury
D:4:      kennysheep_mini_moat, serial_shops, nicolae_shop_trees,
          supply_closet_lemuel
D:5:      first_bread
D:6:      kennysheep_mini, minmay_temple_entry_fiery, minmay_holes,
          minmay_misc_feat_nine_boxes, uniq_pikel, uniq_sigmund
Temple:   dpeg_five_rooms_temple_12

Skill      XL: |  1  2  3  4  5  6  7  8 |
---------------+-------------------------+-----
Stealth        | 2 3 4 5 6 7 9 10 | 10.5
Dodging        | 3 4 5 |  5.7
Shields        | 1 2 3 4 |  4.6
Fighting       | |  1.0
Short Blades   | |  1.0
Evocations     | |  3.2

Action                   |  1- 3 |  4- 6 |  7- 9 || total
-------------------------+-------+-------+-------++-------
Melee: Short sword       |    72 |       |       ||    72
       Mace              |    10 |    24 |       ||    34
       Dagger            |       |   117 |    98 ||   215
Throw: Stone             |       |       |     1 ||     1
Evoke: Wand              |     7 |     5 |    10 ||    22
  Use: Scroll            |     3 |     5 |     2 ||    10
       Potion            |     1 |       |     4 ||     5
 Stab: Sleeping          |     9 |    26 |     9 ||    44
       Distracted        |       |     1 |       ||     1
       Paralysed         |       |     1 |       ||     1
  Eat: Chunk             |     2 |     9 |    11 ||    22
       Fruit             |       |       |     4 ||     4
       Meat ration       |       |       |     1 ||     1
       Bread ration      |       |       |     4 ||     4
